 Dungeon Crawl Stone Soup version 0.20.0-10-g0535bb4 (webtiles) character file.

100524 Kriby the Executioner (level 16, -3/235 HPs)
             Began as a Hill Orc Fighter on June 5, 2017.
             Was a High Priest of Okawaru.
             Shot with a bolt by a naga sharpshooter (10 damage)
             ... on level 3 of the Snake Pit.
             The game lasted 00:37:13 (29014 turns).

Kriby the Executioner (Hill Orc Fighter)           Turns: 29014, Time: 00:37:14

Health: -3/235     AC: 22    Str: 31    XL:     16   Next: 28%
Magic:  0/27       EV: 10    Int: 12    God:    Okawaru [*****.]
Gold:   651        SH:  0    Dex: 14    Spells: 15/15 levels left

rFire    . . .     SeeInvis +   Y - +3 executioner's axe (vamp)
rCold    . . .     Gourm    .   (shield currently unavailable)
rNeg     . . .     Faith    .   j - +0 plate armour
rPois    +         Spirit   +   (no helmet)
rElec    .         Reflect  .   Q - +2 cloak {rPois}
rCorr    .         Harm     .   M - +0 pair of gloves of Zufa {+Inv}
MR       ++...                  E - +0 pair of boots
Stlth    ..........             J - amulet "Ynohueq" {Spirit Int+4 Dex+4 SInv}
Regen    0.5/turn               T - ring of poison resistance
MPRegen  0.2/turn               i - ring of magical power

@: berserking (expiring), lethally poisoned (-3 -> -4), very quick
A: repulsion field 1, blurry vision 1, low mp 1, magic resistance 1, sense
surroundings 1, wild magic 1
a: Heroism, Finesse, Renounce Religion, Evoke Invisibility


You were on level 3 of the Snake Pit.
You worshipped Okawaru.
Okawaru was extremely pleased with you.
You were not hungry.

You visited 4 branches of the dungeon, and saw 19 of its levels.
You also visited: Ice Cave.

You collected 1312 gold pieces.
You spent 661 gold pieces at shops.

Inventory:

Hand Weapons
 k - a +0 broad axe of chopping
 Y - a +3 vampiric executioner's axe (weapon)
Missiles
 p - 8 steel javelins
 R - 10 javelins (quivered)
Armour
 j - a +0 plate armour (worn)
 D - a +0 pair of gloves
 E - a +0 pair of boots (worn)
 M - the +0 pair of gloves of Zufa (worn) {+Inv}
   (Okawaru gifted it to you on level 2 of the Snake Pit)

   It lets you turn invisible.
 Q - a +2 cloak of poison resistance (worn)
Jewellery
 a - a +2 ring of evasion
 g - an uncursed ring of resist corrosion
 i - a ring of magical power (right hand)
 m - a +5 ring of dexterity
 J - the amulet "Ynohueq" (around neck) {Spirit Int+4 Dex+4 SInv}
   (You found it on level 7 of the Dungeon)

   [amulet of guardian spirit]

   It causes incoming damage to be split between your health and magic.
   It affects your intelligence (+4).
   It affects your dexterity (+4).
   It lets you see invisible.
 T - a ring of poison resistance (left hand)
 W - an uncursed ring of flight
Wands
 v - a wand of lightning (6/15)
 w - a wand of digging (15/24)
 S - a wand of acid (14/15)
Scrolls
 d - 3 scrolls of amnesia
 e - 7 scrolls of remove curse
 n - 6 scrolls of identify
 o - 4 scrolls of enchant armour
 u - 5 scrolls of magic mapping
 y - 6 scrolls of teleportation
 A - 3 scrolls of blinking
 B - 2 scrolls of fog
Potions
 b - 4 potions of might
 c - 4 potions of mutation
 l - 7 potions of curing
 q - 4 potions of lignification
 x - 4 potions of brilliance
 z - 6 potions of flight
 F - 4 potions of magic
 U - a potion of cancellation
 V - a potion of agility
 X - a potion of berserk rage
Books
 C - a book of Minor Magic

   Spells                             Type                      Level
   a - Magic Dart                     Conjuration                  1
   b - Blink                          Translocation                2
   c - Call Imp                       Summoning                    2
   d - Slow                           Hexes                        2
   e - Conjure Flame                  Conjuration/Fire             3
   f - Mephitic Cloud                 Conjuration/Poison/Air       3
 G - a book of Alchemy

   Spells                             Type                      Level
   a - Sublimation of Blood           Necromancy                   2
   b - Ignite Poison                  Fire/Transmutation/Poison    3
   c - Petrify                        Transmutation/Earth          4
   d - Alistair's Intoxication        Transmutation/Poison         5
   e - Irradiate                      Conjuration/Transmutation    5
 I - a book of Changes

   Spells                             Type                      Level
   a - Beastly Appendage              Transmutation                1
   b - Sticks to Snakes               Transmutation                2
   c - Spider Form                    Transmutation/Poison         3
   d - Ice Form                       Ice/Transmutation            4
   e - Blade Hands                    Transmutation                5
 K - a book of Callings

   Spells                             Type                      Level
   a - Summon Small Mammal            Summoning                    1
   b - Call Imp                       Summoning                    2
   c - Call Canine Familiar           Summoning                    3
   d - Summon Guardian Golem          Hexes/Summoning              3
   e - Summon Lightning Spire         Summoning/Air                4
   f - Summon Ice Beast               Ice/Summoning                4
 N - a book of Maledictions

   Spells                             Type                      Level
   a - Corona                         Hexes                        1
   b - Ensorcelled Hibernation        Hexes/Ice                    2
   c - Confuse                        Hexes                        3
   d - Tukima's Dance                 Hexes                        3
   e - Dazzling Spray                 Conjuration/Hexes            3
 O - a book of Conjurations

   Spells                             Type                      Level
   a - Magic Dart                     Conjuration                  1
   b - Searing Ray                    Conjuration                  2
   c - Dazzling Spray                 Conjuration/Hexes            3
   d - Fulminant Prism                Conjuration/Hexes            4
   e - Force Lance                    Conjuration/Translocation    4
   f - Iskenderun's Mystic Blast      Conjuration                  4
Miscellaneous
 P - a lamp of fire
Comestibles
 f - 6 bread rations
 h - 8 meat rations
 s - 15 fruits
 t - 10 royal jellies


   Skills:
 + Level 17.8 Fighting
 * Level 22.4 Axes
 - Level 12.0 Armour
   Level 10.7 Shields
 - Level 6.0 Invocations


You had 15 spell levels left.
You didn't know any spells.

Dungeon Overview and Level Annotations

Branches:
Dungeon (9/15)             Temple (1/1) D:6            Lair (6/6) D:8
 Shoals (0/4) Lair:3        Snake (3/4) Lair:3        Slime (0/5) Lair:6
    Orc: D:9-12

Altars:
Ashenzari
Elyvilon
Fedhas
Gozag
Hepliaklqana
Kikubaaqudgha
Nemelex Xobeh
Okawaru
Ru
Sif Muna
Trog
Uskayaw
Vehumet
Xom
Yredelemnul
Zin

Shops:
D:5 [   Snake:1 *   Snake:2 =:??

Annotations:
D:5 exclusion: door


Innate Abilities, Weirdness & Mutations

You are surrounded by a mild repulsion field. (EV +2)
Scrolls take you a little longer to read.
Your magical capacity is low. (-10% MP)
You are resistant to hostile enchantments. (MR+)
You passively map a small area around you.
Your spells are a little harder to cast, but a little more powerful.


Message History

* * * LOW HITPOINT WARNING * * *
The bolt freezes you.
* * * LOW HITPOINT WARNING * * *
You slice the anaconda!!
You feel better.
You kill the anaconda!
Okawaru accepts your kill.
You slice the shock serpent!!
You feel better.
The shock serpent's electric aura discharges, shocking you!
* * * LOW HITPOINT WARNING * * *
You feel sick. The shock serpent closely misses you.
You carve the shock serpent like a ham!!!
You feel better.
You kill the shock serpent!
Okawaru accepts your kill.
The air sparks with electricity, shocking you!
* * * LOW HITPOINT WARNING * * *
The naga sharpshooter shoots a bolt.
The bolt hits you!!
* * * LOW HITPOINT WARNING * * *
The bolt freezes you!
You die...

* ..., .S) ##* .. ,
...... , S.. , .##*...
* ,...... ###?. ..##...
, , .....?
.....###S...... , , ,
#.....##...#........#.
......(.###S[.........
,........#..S..........
........)###..[.....#,
,, ,,
.....[.)@##...###..## ,
...)...)(†...#.#....#*
, .............##...#,
* ,
......##....>....###.
.......###N##....#...
.#..)#N...#N...#..#..,,
, #..##....N(##....#...
......N..N##[........ *
, ,
..#.N..S.(...........


You could see a naga sharpshooter and a naga mage.

Vanquished Creatures
  Rupert (Lair:5)
  The ghost of nano the Phalangite, an adept MfBe of Trog (Snake:2)
  Donald (Snake:2)
  Kirke (Snake:3)
  A frost giant (IceCv)
  Azrael (Snake:1)
  Fannar (Lair:3)
  4 hydras (Lair:6)
  3 anacondas
  6 naga warriors
  4 catoblepae
  3 two-headed ogres
  3 death yaks (Lair:4)
  5 shock serpents
  Urug (Lair:4)
  Nergalle (Lair:1)
  7 naga sharpshooters (Snake:2)
  2 naga ritualists (Snake:3)
  An oklob plant (Lair:3)
  10 mana vipers
  3 salamanders
  A cyclops (D:8)
  A guardian serpent (Snake:3)
  19 elephants
  2 ice statues (IceCv)
  7 naga magi
  24 black mambas
  10 spiny frogs
  2 rime drakes (Lair:3)
  7 komodo dragons
  A hellwing (D:9)
  19 polar bears
  3 blink frogs (Lair:4)
  Grinder (D:6)
  2 dream sheep (Lair:6)
  4 hornets (Lair:6)
  8 hippogriffs
  Sigmund (D:2)
  15 spriggans (Lair:6)
  45 yaks
  2 basilisks
  A wyvern (Lair:5)
  3 fire elementals (Snake:1)
  2 hogs (Snake:3)
  Menkaure (D:4)
  6 swamp worms (Lair:1)
  35 nagas
  12 water moccasins
  6 porcupines
  A hell hound (Snake:1)
  A black bear (Lair:6)
  The ghost of raetorn the Ruffian, an amateur TrMo (D:4)
  2 ice beasts
  3 orc warriors (D:9)
  2 phantoms
  2 ogres
  3 necrophages
  66 wolves
  3 boggarts (Lair:6)
  5 centaurs
  8 crocodiles
  2 big kobolds (D:8)
  9 bullfrogs
  A wyvern skeleton (D:9)
  2 scorpions
  4 killer bees (D:9)
  An electric eel (Lair:4)
  5 wights
  3 crimson imps
  5 centaur zombies
  2 hounds (D:7)
  3 jellies (Lair:6)
  3 orc priests
  2 centaur skeletons
  2 bullfrog skeletons
  Terence (D:3)
  2 worker ants (D:5)
  An iguana (D:9)
  6 orc wizards
  A hound skeleton (D:4)
  2 worker ant zombies
  12 gnolls
  11 adders
  5 shadow imps
  4 oozes
  2 adder skeletons
  14 worms
  5 dart slugs
  5 leopard geckos
  27 orcs
  2 ball pythons
  7 giant cockroaches
  5 goblins
  11 hobgoblins
  22 jackals
  5 quokkas
  11 bats
  6 frilled lizards
  14 kobolds
  2 leopard gecko skeletons
  4 rats
  A bush (Lair:3)
  7 fungi
636 creatures vanquished.

Vanquished Creatures (others)
  A centaur skeleton (D:9)
  A komodo dragon (Lair:1)
  A hellwing (D:9)
  A polar bear (IceCv)
  A hippogriff (Lair:2)
  5 yaks (Lair:1)
  A swamp worm (Lair:1)
  3 water moccasins
  A porcupine (Lair:1)
  A sky beast (D:9)
  A hornet zombie (D:9)
  2 bullfrogs
  A water moccasin zombie (D:6)
  A killer bee (D:9)
  A quasit (D:8)
  2 centaur zombies
  An orc wizard (D:4)
  A hound (D:7)
  A worker ant (D:7)
  3 gnolls (D:3)
  A shadow imp (D:9)
  A worm (Lair:1)
  A leopard gecko (D:3)
  A jackal (D:3)
  A kobold (D:8)
  A quokka (D:3)
  10 fungi
  7 plants
  8 toadstools (Lair:4)
  12 withered plants (D:9)
73 creatures vanquished.

Grand Total: 709 creatures vanquished

Notes
Turn   | Place    | Note
-------+----------+-------------------------------------------
     0 | D:1      | Kriby the Hill Orc Fighter began the quest for the Orb.
     0 | D:1      | Reached XP level 1. HP: 19/19 MP: 1/1
    35 | D:1      | Reached skill level 3 in Axes
   105 | D:1      | Reached XP level 2. HP: 27/27 MP: 2/2
   759 | D:1      | Reached XP level 3. HP: 33/33 MP: 3/3
   951 | D:2      | Noticed Sigmund
  1690 | D:2      | Killed Sigmund
  1690 | D:2      | Reached skill level 5 in Fighting
  1690 | D:2      | Reached skill level 4 in Axes
  1690 | D:2      | Reached XP level 4. HP: 41/42 MP: 4/4
  1690 | D:2      | Reached XP level 5. HP: 47/48 MP: 5/5
  2051 | D:2      | Reached XP level 6. HP: 56/56 MP: 6/6
  2807 | D:3      | Noticed Terence
  2827 | D:3      | Killed Terence
  3625 | D:3      | Reached skill level 5 in Shields
  3628 | D:3      | Reached skill level 5 in Armour
  3708 | D:3      | Reached skill level 5 in Axes
  3808 | D:3      | Reached XP level 7. HP: 61/61 MP: 7/7
  3916 | D:4      | Found an opulent altar of Gozag.
  4054 | D:4      | Noticed Menkaure
  4065 | D:4      | Killed Menkaure
  4951 | D:4      | Reached skill level 6 in Axes
  5046 | D:4      | Noticed raetorn's ghost (amateur TrMo)
  5065 | D:4      | Killed raetorn's ghost
  5065 | D:4      | Reached XP level 8. HP: 55/71 MP: 8/8
  5281 | D:5      | Entered Level 5 of the Dungeon
  5282 | D:5      | Found Diolusiwn's Armour Shop.
  5868 | D:5      | Reached skill level 7 in Axes
  6476 | D:5      | Found a deep blue altar of Sif Muna.
  6525 | D:5      | Reached skill level 8 in Axes
  6746 | D:6      | Got a translucent long sword
  6747 | D:6      | Identified the +8 long sword of Cheese {freeze, -Tele MR++} (You found it on level 6 of the Dungeon)
  6748 | D:6      | Found a staircase to the Ecumenical Temple.
  6783 | Temple   | Entered the Ecumenical Temple
  7026 | Temple   | Became a worshipper of Warmaster Okawaru
  7115 | D:6      | Noticed Grinder
  7119 | D:6      | Paralysed by Grinder for 6 turns
  7186 | D:6      | Killed Grinder
  7186 | D:6      | Reached skill level 9 in Axes
  7186 | D:6      | Reached XP level 9. HP: 60/81 MP: 9/9
  7993 | D:7      | Reached skill level 10 in Axes
  8052 | D:7      | Reached * piety under Okawaru
  8804 | D:7      | Got a slimy pewter amulet
  8869 | D:7      | Reached skill level 11 in Axes
  9498 | D:8      | Noticed a cyclops
  9507 | D:8      | Killed a cyclops
  9507 | D:8      | Reached ** piety under Okawaru
  9625 | D:8      | Noticed a two-headed ogre
  9939 | D:8      | Reached skill level 12 in Axes
 10200 | D:8      | Reached skill level 1 in Invocations
 10302 | D:8      | Reached XP level 10. HP: 90/90 MP: 9/11
 10353 | D:8      | Killed a two-headed ogre
 10353 | D:8      | Reached *** piety under Okawaru
 10421 | D:8      | Found a staircase to the Lair.
 11173 | D:9      | Reached skill level 13 in Axes
 11278 | D:9      | Reached skill level 10 in Fighting
 11636 | D:9      | Identified the amulet "Ynohueq" {Spirit Int+4 Dex+4 SInv} (You found it on level 7 of the Dungeon)
 11647 | D:9      | Reached skill level 5 in Invocations
 11836 | D:9      | Reached **** piety under Okawaru
 11836 | D:9      | Reached skill level 14 in Axes
 12040 | D:9      | Noticed a two-headed ogre
 12046 | D:9      | Noticed a two-headed ogre
 12052 | D:9      | Killed a two-headed ogre
 12052 | D:9      | Reached XP level 11. HP: 89/100 MP: 12/15
 12064 | D:9      | Killed a two-headed ogre
 12162 | D:9      | Reached skill level 15 in Axes
 12378 | D:9      | Reached ***** piety under Okawaru
 12679 | Lair:1   | Entered Level 1 of the Lair of Beasts
 12914 | Lair:1   | Reached skill level 16 in Axes
 13321 | Lair:1   | Received a gift from Okawaru
 13533 | Lair:1   | Reached XP level 12. HP: 94/111 MP: 16/16
 13642 | Lair:1   | Noticed Nergalle
 14457 | Lair:1   | Killed Nergalle
 14992 | Lair:2   | Noticed a catoblepas
 15003 | Lair:2   | Killed a catoblepas
 15719 | Lair:2   | Reached skill level 10 in Armour
 16171 | D:7      | Identified a scroll of acquirement
 16181 | D:7      | Gained mutation: You are resistant to hostile enchantments. (MR+) [potion of mutation]
 16181 | D:7      | Gained mutation: Your system is resistant to poisons. (rPois) [potion of mutation]
 16225 | D:7      | Gained mutation: You occasionally shout uncontrollably at your foes. [mutagenic glow]
 16247 | D:8      | Gained mutation: You expend magic power (3 MP) to strengthen your wands. [mutagenic glow]
 16282 | Lair:3   | Found a staircase to the Shoals.
 16314 | Lair:3   | Noticed Fannar
 16323 | Lair:3   | Killed Fannar
 16493 | Lair:3   | Found a staircase to the Snake Pit.
 16567 | Lair:3   | Found a frozen archway.
 16594 | IceCv    | Entered an ice cave
 16629 | IceCv    | Received a gift from Okawaru
 16889 | IceCv    | Reached skill level 17 in Axes
 16950 | IceCv    | Reached XP level 13. HP: 123/123 MP: 17/17
 16954 | IceCv    | Lost mutation: You expend magic power (3 MP) to strengthen your wands. [potion of mutation]
 16954 | IceCv    | Lost mutation: Your system is resistant to poisons. (rPois) [potion of mutation]
 16954 | IceCv    | Gained mutation: Your muscles are strong. (Str +2) [potion of mutation]
 16954 | IceCv    | Gained mutation: Your magical capacity is low. (-10% MP) [potion of mutation]
 16954 | IceCv    | Gained mutation: You sometimes yell uncontrollably at your foes. [potion of mutation]
 16954 | IceCv    | Gained mutation: You are partially covered in icy blue scales. (AC +2) [potion of mutation]
 16955 | IceCv    | Lost mutation: You are partially covered in icy blue scales. (AC +2) [potion of mutation]
 16955 | IceCv    | Lost mutation: Your muscles are strong. (Str +2) [potion of mutation]
 16955 | IceCv    | Lost mutation: You sometimes yell uncontrollably at your foes. [potion of mutation]
 16955 | IceCv    | Lost mutation: You occasionally shout uncontrollably at your foes. [potion of mutation]
 16955 | IceCv    | Gained mutation: Your spells are a little harder to cast, but a little more powerful. [potion of mutation]
 16955 | IceCv    | Gained mutation: Scrolls take you a little longer to read. [potion of mutation]
 16955 | IceCv    | Gained mutation: You passively map a small area around you. [potion of mutation]
 16955 | IceCv    | Gained mutation: You are surrounded by a mild repulsion field. (EV +2) [potion of mutation]
 18016 | IceCv    | Noticed a frost giant
 18028 | IceCv    | Killed a frost giant
 18034 | IceCv    | Reached skill level 18 in Axes
 18639 | Lair:3   | Reached ****** piety under Okawaru
 19450 | Lair:3   | Received a gift from Okawaru
 19885 | Lair:4   | Found a runed door.
 19970 | Lair:4   | Identified the +3 dagger "Bingo" {chaos, +Inv SInv} (You found it on level 4 of the Lair of Beasts)
 20242 | Lair:4   | Reached skill level 15 in Fighting
 20334 | Lair:4   | Noticed Urug
 20350 | Lair:4   | Killed Urug
 20350 | Lair:4   | Received a gift from Okawaru
 20351 | Lair:4   | Got an encrusted plate armour {god gift}
 20362 | Lair:4   | Identified the +6 plate armour of Fomulygro {-Tele Str+7 Dex+3 Stlth-} (Okawaru gifted it to you on level 4 of the Lair of Beasts)
 20848 | Lair:4   | Reached XP level 14. HP: 79/135 MP: 16/16
 21647 | Lair:4   | Reached skill level 10 in Shields
 22024 | Lair:4   | Identified the +9 halberd "Paguog" {venom, rElec Int+5 Stlth-} (You found it on level 4 of the Lair of Beasts)
 22156 | Lair:5   | Found a hazy altar of Hepliaklqana.
 22602 | Lair:5   | Noticed Rupert
 22617 | Lair:5   | Killed Rupert
 23135 | Lair:6   | Entered Level 6 of the Lair of Beasts
 23361 | Lair:6   | Received a gift from Okawaru
 23602 | Lair:6   | Reached skill level 19 in Axes
 23771 | Lair:6   | Received a gift from Okawaru
 24160 | Lair:6   | Reached XP level 15. HP: 133/144 MP: 17/17
 24304 | Lair:6   | Found a staircase to the Slime Pits.
 24854 | Snake:1  | Entered Level 1 of the Snake Pit
 24899 | Snake:1  | Found Zoafeuz's General Store.
 24902 | Snake:1  | Bought a potion of berserk rage for 65 gold pieces
 24902 | Snake:1  | Bought a potion of might for 52 gold pieces
 24902 | Snake:1  | Bought a scroll of identify for 26 gold pieces
 24902 | Snake:1  | Bought a scroll of identify for 26 gold pieces
 24902 | Snake:1  | Bought 2 potions of mutation for 208 gold pieces
 25196 | Snake:1  | Noticed Azrael
 25210 | Snake:1  | Killed Azrael
 25210 | Snake:1  | Reached skill level 20 in Axes
 26142 | Snake:1  | Received a gift from Okawaru
 26678 | Snake:2  | Received a gift from Okawaru
 26710 | Snake:2  | Found Xajuwi's Magic Scroll Emporium.
 27081 | Snake:2  | Reached skill level 21 in Axes
 27208 | Snake:2  | Found Weogocot's Magic Scroll Emporium.
 27208 | Snake:2  | Found Jequihat's Book Shoppe.
 27213 | Snake:2  | Bought a scroll of teleportation for 51 gold pieces
 27213 | Snake:2  | Bought a scroll of identify for 34 gold pieces
 27213 | Snake:2  | Found Aczuihumn's Jewellery Shoppe.
 27311 | Snake:2  | Bought a scroll of enchant armour for 142 gold pieces
 27311 | Snake:2  | Bought a scroll of teleportation for 57 gold pieces
 27390 | Snake:2  | Noticed nano's ghost (adept MfBe)
 27409 | Snake:2  | Killed nano's ghost
 27409 | Snake:2  | Received a gift from Okawaru
 27422 | Snake:2  | Got a pair of steaming gloves {god gift}
 27425 | Snake:2  | Identified the +0 pair of gloves of Zufa {+Inv} (Okawaru gifted it to you on level 2 of the Snake Pit)
 28001 | Snake:2  | Noticed Donald
 28018 | Snake:2  | Killed Donald
 28348 | Snake:3  | Reached XP level 16. HP: 117/155 MP: 3/18
 28930 | Snake:3  | Reached skill level 22 in Axes
 28950 | Snake:3  | Noticed Kirke
 28961 | Snake:3  | Killed Kirke
 29011 | Snake:3  | HP: 7/235 [naga sharpshooter/bolt (8)]
 29014 | Snake:3  | Shot with a bolt by a naga sharpshooter

Skill      XL: |  1  2  3  4  5  6  7  8  9 10 11 12 13 14 15 16 |
---------------+-------------------------------------------------+-----
Axes           | 3 4 5 6 9 12 14 16 17 18 19 21 22 | 22.4
Fighting       | 4 5 6 7 9 10 12 13 15 16 17 | 17.8
Armour         | 4 5 6 8 10 11 12 | 12.0
Shields        | 4 5 6 9 10 | 10.7
Invocations    | 1 6 |  6.0

Action                   |  1- 3 |  4- 6 |  7- 9 | 10-12 | 13-15 | 16-18 || total
-------------------------+-------+-------+-------+-------+-------+-------++-------
Melee: War axe           |   114 |    86 |       |       |       |       ||   200
       Unarmed           |     8 |       |       |       |       |       ||     8
       Hand axe          |       |   102 |   390 |   622 |       |       ||  1114
       Battleaxe         |       |       |       |    88 |    86 |       ||   174
       Broad axe         |       |       |       |       |   365 |       ||   365
       Executioner's axe |       |       |       |       |   607 |    77 ||   684
Invok: Heroism           |       |       |     1 |       |    10 |     1 ||    12
       Finesse           |       |       |       |       |     7 |       ||     7
Evoke: Wand              |       |       |       |     1 |       |       ||     1
  Use: Potion            |     3 |       |       |    10 |     7 |     2 ||    22
       Scroll            |       |     2 |     1 |    15 |    11 |     7 ||    36
 Stab: Fleeing           |       |       |       |       |       |     1 ||     1
  Eat: Royal jelly       |     1 |       |       |       |       |       ||     1
       Chunk             |       |     8 |    16 |    19 |    27 |       ||    70
       Bread ration      |       |       |     1 |       |     4 |       ||     5
       Fruit             |       |       |       |     3 |       |       ||     3
Armor: Scale mail        |    43 |    32 |       |       |       |       ||    75
       Plate armour      |       |    50 |   149 |   289 |   668 |    58 ||  1214
Dodge: Dodged            |    35 |    46 |    39 |   109 |   484 |    31 ||   744
Block: Shield            |    52 |   102 |   157 |   217 |       |       ||   528
       Large shield      |       |       |       |       |   290 |       ||   290
